 Dungeon Crawl Stone Soup version 0.20-a0-1124-g2e29d97 (webtiles) character file.

1035 Naow the Firebug (level 8, 0/46 HPs)
             Began as an Octopode Fire Elementalist on May 16, 2017.
             Was an Initiate of Vehumet.
             Slain by a hornet zombie (12 damage)
             ... on level 6 of the Dungeon.
             The game lasted 00:08:55 (6638 turns).

Naow the Firebug (Octopode Fire Elementalist)       Turns: 6638, Time: 00:08:56

Health: 0/46       AC:  1    Str:  7    XL:     8   Next: 24%
Magic:  6/15       EV: 13    Int: 19    God:    Vehumet [......]
Gold:   315        SH:  0    Dex: 13    Spells: 7/17 levels left

rFire    + . .     SeeInvis .   e - +0 dagger
rCold    x . .     Gourm    .   (no shield)
rNeg     . . .     Faith    .   (helmet restricted)
rPois    .         Spirit   .   (no amulet)
rElec    .         Reflect  .   o - ring of fire
rCorr    .         Harm     .   (no ring)
MR       .....                  (no ring)
Stlth    +++.......             (no ring)
Regen    0.2/turn               (no ring)
MPRegen  0.2/turn               (no ring)
                                (no ring)
                                (no ring)

@: no status effects
A: almost no armour, stealthy swim, amphibious, 8 rings, constrict 8, camouflage
1, gelatinous body 1
a: Renounce Religion


You were on level 6 of the Dungeon.
You worshipped Vehumet.
Vehumet was noncommittal.
You were not hungry.

You visited 2 branches of the dungeon, and saw 7 of its levels.

You collected 315 gold pieces.

Inventory:

Hand Weapons
 e - a +0 dagger (weapon)
Jewellery
 o - a ring of fire (left tentacle)
Scrolls
 c - 6 scrolls of identify
 d - a scroll of enchant armour {unknown}
 g - 3 scrolls of fog {unknown}
 h - 2 scrolls of amnesia {unknown}
 k - 2 scrolls of teleportation {unknown}
 m - 2 scrolls of enchant weapon {unknown}
 n - 3 scrolls of random uselessness {unknown}
 t - 2 scrolls of recharging {unknown}
Potions
 i - a potion of mutation {unknown}
 j - 2 potions of lignification
 l - a potion of invisibility {unknown}
 p - a potion of agility {unknown}
 q - a potion of haste {unknown}
 r - 2 potions of curing {unknown}
 u - a potion of brilliance {unknown}
 w - a potion of berserk rage {unknown}
Books
 a - a book of Flames

   Spells                             Type                      Level
   a - Flame Tongue                   Conjuration/Fire             1
   b - Throw Flame                    Conjuration/Fire             2
   c - Conjure Flame                  Conjuration/Fire             3
   d - Inner Flame                    Hexes/Fire                   3
   e - Sticky Flame                   Conjuration/Fire             4
   f - Fireball                       Conjuration/Fire             5
Comestibles
 b - 6 bread rations
 f - 4 meat rations
 s - 4 chunks of flesh


   Skills:
 - Level 2.0 Dodging
 - Level 2.6 Stealth
 + Level 5.2 Spellcasting
 + Level 5.3 Conjurations
 + Level 6.1 Fire Magic


You had 7 spell levels left.
You knew the following spells:

 Your Spells              Type           Power        Failure   Level  Hunger
a - Flame Tongue          Conj/Fire      #####        1%          1    None
b - Throw Flame           Conj/Fire      #####.       1%          2    None
c - Conjure Flame         Conj/Fire      #####...     3%          3    ##.....
d - Sticky Flame          Conj/Fire      #####...     11%         4    ####...


Dungeon Overview and Level Annotations

Branches:
Dungeon (6/15)             Temple (1/1) D:4

Altars:
Ashenzari
Cheibriados
Elyvilon
Fedhas
Gozag
Hepliaklqana
Kikubaaqudgha
Makhleb
Nemelex Xobeh
Okawaru
Qazlal
Ru
Sif Muna
Trog
Uskayaw
Vehumet
Wu Jian
Xom
Yredelemnul
Zin
The Shining One

Shops:
D:5 !


Innate Abilities, Weirdness & Mutations

You cannot wear most types of armour.
You are very stealthy in the water. (Stealth+)
You are amphibious.
You can wear up to eight rings at the same time.
You can use your tentacles to constrict eight enemies at once.
Your skin changes colour to match your surroundings (Stealth+).
Your rubbery body absorbs attacks. (AC +1, EV +1)


Message History

Confirm with . or Enter, or press ? or * to list all spells.
Aiming: Flame Tongue
Press: ? - help, Shift-Dir - straight line, f/p - hornet zombie
Aim: a hornet zombie (severely damaged)
You feel a surge of power!
The flame tongue hits the hornet zombie.
The hornet zombie is severely damaged.
The hornet zombie hits you.
* * * LOW HITPOINT WARNING * * *
The hornet zombie completely misses you.
Casting: Flame Tongue
Confirm with . or Enter, or press ? or * to list all spells.
Aiming: Flame Tongue
Press: ? - help, Shift-Dir - straight line, f/p - hornet zombie
Aim: a hornet zombie (severely damaged)
You feel a surge of power!
The flame tongue hits the hornet zombie.
The hornet zombie is almost destroyed.
The hornet zombie hits you!
You die...

#.....# #.#####
####'## #.....#
#.##########.#
####..........#.#
#........##.###.#
#.######<##.....#
#.#....##########
#.#.##..........#+###
#.#.##@Z#####........
#...)...# #........
###.###.# #o.......
#.....# #........
####### #.....o..
#.o...... #..o.....
#........ #........


You could see a hornet zombie.

Vanquished Creatures
  A sky beast (D:5)
  2 ogres
  A centaur (D:5)
  A bullfrog (D:6)
  2 wights
  2 howler monkeys (D:5)
  A bullfrog zombie (D:6)
  2 hounds (D:5)
  3 jellies (D:5)
  An orc wizard (D:4)
  Jessica (D:3)
  3 worker ants
  4 gnolls (D:4)
  5 adders
  2 oozes
  A dart slug (D:1)
  4 leopard geckos
  4 orcs
  6 bats
  3 giant cockroaches
  5 goblins
  7 hobgoblins
  2 frilled lizards (D:1)
  3 kobolds
  5 rats
71 creatures vanquished.

Notes
Turn   | Place    | Note
-------+----------+-------------------------------------------
     0 | D:1      | Naow the Octopode Fire Elementalist began the quest for the Orb.
     0 | D:1      | Reached XP level 1. HP: 11/11 MP: 3/3
   171 | D:1      | Reached XP level 2. HP: 17/17 MP: 5/5
   803 | D:1      | Reached XP level 3. HP: 12/21 MP: 1/6
  1706 | D:2      | Learned a level 2 spell: Throw Flame
  1710 | D:2      | Learned a level 3 spell: Conjure Flame
  1782 | D:3      | Reached XP level 4. HP: 17/27 MP: 4/8
  2251 | D:3      | Noticed Jessica
  2261 | D:3      | Killed Jessica
  2261 | D:3      | Reached skill level 4 in Fire Magic
  2679 | D:3      | Noticed an ogre
  2692 | D:3      | Killed an ogre
  2692 | D:3      | Reached XP level 5. HP: 31/31 MP: 1/10
  2698 | D:3      | Learned a level 4 spell: Sticky Flame
  2893 | D:3      | Found a faded altar of an unknown god.
  3110 | D:4      | Reached XP level 6. HP: 36/36 MP: 1/11
  3517 | D:4      | Found a staircase to the Ecumenical Temple.
  3524 | Temple   | Entered the Ecumenical Temple
  3693 | Temple   | Became a worshipper of Vehumet
  4843 | D:5      | Entered Level 5 of the Dungeon
  4895 | D:5      | Reached skill level 5 in Fire Magic
  4931 | D:5      | Reached XP level 7. HP: 17/41 MP: 2/13
  5909 | D:5      | Found Wileus's Distillery.
  6112 | D:5      | Reached skill level 5 in Spellcasting
  6112 | D:5      | Reached skill level 5 in Conjurations
  6112 | D:5      | Reached XP level 8. HP: 36/46 MP: 0/15
  6158 | D:5      | Reached skill level 6 in Fire Magic
  6638 | D:6      | Slain by a hornet zombie

Vault maps used:
D:1:      tarquinn_simple_flora_water_f, minmay_tree_intersection
D:2:      minivault_26, nrook_mini_backslash
D:3:      chequers_ecumenical_altar_twisty, uniq_jessica
D:4:      cheibrodos_quashed, minmay_temple_entry_enclosed_plants
D:5:      first_bread, serial_shops, shop
D:6:      minmay_fountain_box
Temple:   roderic_octagonal_lattice_temple

Skill      XL: |  1  2  3  4  5  6  7  8 |
---------------+-------------------------+-----
Conjurations   | 2 3 4 5 |  5.3
Spellcasting   | 3 4 5 |  5.2
Fire Magic     | 4 5 6 |  6.1
Dodging        | |  2.0
Stealth        | |  2.6

Action                   |  1- 3 |  4- 6 |  7- 9 || total
-------------------------+-------+-------+-------++-------
Melee: Dagger            |    45 |    24 |    29 ||    98
       Constrict         |    10 |     6 |     6 ||    22
       Tentacles         |     6 |     4 |     3 ||    13
 Cast: Flame Tongue      |    22 |    46 |    48 ||   116
       Conjure Flame     |       |     4 |       ||     4
       Throw Flame       |       |     8 |     4 ||    12
       Sticky Flame      |       |     2 |     3 ||     5
  Use: Scroll            |       |       |     2 ||     2
 Stab: Sleeping          |     8 |     2 |     1 ||    11
  Eat: Chunk             |     2 |     6 |     1 ||     9
       Meat ration       |       |     1 |     1 ||     2
Armor: Skin              |     4 |     1 |     3 ||     8
Dodge: Dodged            |    37 |    24 |    45 ||   106
